 Dungeon Crawl Stone Soup version 0.21.0-3-g78d12a8 (webtiles) character file.

564 tidbits the Sneak (level 7, 9/28 HPs)
             Began as a Felid Transmuter on Jan 11, 2018.
             Was a Follower of Wu Jian.
             Quit the game on level 6 of the Dungeon.
             The game lasted 00:23:59 (2935 turns).

tidbits the Sneak (Felid Transmuter)                Turns: 2935, Time: 00:24:00

Health: 9/28       AC:  4    Str:  8    XL:     7   Next: 10%
Magic:  10/11      EV: 21    Int: 14    God:    Wu Jian [*.....]
Gold:   126        SH:  0    Dex: 21    Spells: 2/10 levels left
                                        Lives:  0   Deaths: 2

rFire    . . .     SeeInvis +     - Unarmed
rCold    . . .     Gourm    .   (shield unavailable)
rNeg     . . .     Faith    .   (armour unavailable)
rPois    .         Spirit   .   (helmet unavailable)
rElec    .         Reflect  .   (cloak unavailable)
rCorr    .         Harm     .   (gloves unavailable)
MR       ++...                  (boots unavailable)
Stlth    ++++++....             (no amulet)
HPRegen  0.09/turn              W - ring of wizardry
MPRegen  0.12/turn              k - ring of stealth

@: quick
A: very small, no armour, no weapons or thrown items, stealth, claws 1, fangs 3,
thin skeletal structure 1, yellow scales 1, see invisible, agile 1, carnivore,
speed 1, magic resistance 1, shaggy fur 2, slow metabolism 1, sharp paws
a: Renounce Religion


You were on level 6 of the Dungeon.
You worshipped Wu Jian.
Wu Jian was aware of your devotion.
You were not hungry.

You visited 1 branch of the dungeon, and saw 8 of its levels.

You collected 126 gold pieces.

Inventory:

Missiles
 a - 55 arrows
Jewellery
 h - an uncursed ring of protection from fire
   (You found it on level 3 of the Dungeon)
 k - a ring of stealth (right paw)
   (You found it on level 6 of the Dungeon)
 W - a ring of wizardry (left paw)
   (You found it on level 1 of the Dungeon)
Wands
 j - a wand of iceblast (3)
Scrolls
 d - 3 scrolls of teleportation
 f - 3 scrolls of amnesia
 i - 3 scrolls of identify
 l - a scroll of fog
 m - a scroll of immolation
 n - 4 scrolls of remove curse
 p - a scroll of random uselessness
 q - a scroll of enchant weapon
Potions
 e - a potion of haste
Books
 b - a book of Changes

   Spells                             Type                      Level
   a - Beastly Appendage              Transmutation                1
   b - Sticks to Snakes               Transmutation                2
   c - Spider Form                    Transmutation/Poison         3
   d - Ice Form                       Ice/Transmutation            4
   e - Blade Hands                    Transmutation                5
 g - a book of Cantrips
   (You found it on level 8 of the Dungeon)

   Spells                             Type                      Level
   a - Confusing Touch                Hexes                        1
   b - Animate Skeleton               Necromancy                   1
   c - Summon Small Mammal            Summoning                    1
   d - Apportation                    Translocation                1
Comestibles
 c - 13 rations


   Skills:
 - Level 1.0 Fighting
 - Level 5.1 Dodging
 - Level 7.7 Stealth
 - Level 4.4 Unarmed Combat
 - Level 2.0 Spellcasting
 + Level 4.5 Hexes
 - Level 5.3 Transmutations
 - Level 1.0 Poison Magic


You had 2 spell levels left.
You knew the following spells:

 Your Spells              Type           Power        Failure   Level  Hunger
e - Beastly Appendage     Tmut           ###...       1%          1    ##.....
k - Sticks to Snakes      Tmut           ###.....     1%          2    ###....
p - Spider Form           Tmut/Pois      ##........   8%          3    ####...
t - Confusing Touch       Hex            ##....       1%          1    ##.....
A - Apportation           Tloc           #.....       10%         1    ##.....


Dungeon Overview and Level Annotations

Branches:
Dungeon (8/15)
 Temple: D:4-7         Lair: D:8-11

Altars:
Dithmenos
Wu Jian

Annotations:
D:3 exclusion: orc priest
D:4 exclusions: scorpion and 3 worker ants, Dowan, Duvessa, Eustachio
D:5 Gaball's ghost, novice OgCK; Prince Ribbit
D:6 Sigmund
D:8 Psyche


Innate Abilities, Weirdness & Mutations

You cannot wear armour.
You are incapable of wielding weapons or throwing items.
Your paws allow you to move quietly. (Stealth)
You have sharp claws.
You have razor-sharp teeth.
You have supernaturally acute eyesight. (SInv)
You are carnivorous and can eat meat at any time.
You cover ground quickly.
You are covered in thick fur. (AC +2)
You have a slow metabolism.
Your sharp claws are effective at attacking unaware monsters.
You have a somewhat thin skeletal structure. (Dex +2, Stealth)
You are partially covered in yellow scales. (AC +2)
You are agile. (Dex +2)
You are resistant to hostile enchantments. (MR+)


Message History

You lunge at the centaur, but your attack speed is too slow for a blow to land.
You pounce on the unaware helpless centaur!
You eviscerate the centaur!!!
You kill the centaur!
The Council accepts your kill.
Your Hexes skill gained 2 levels and is now at level 4!
Welcome back to level 7!
Things that are here:
a shortbow; 23 arrows; a centaur corpse
j - a wand of iceblast (3)
Things that are here:
a shortbow; 23 arrows; a centaur corpse You see here a scroll of identify.
You don't have any unidentified items.
Unknown command.
i - 3 scrolls of identify (gained 1)
Things that are here:
a shortbow; 23 arrows; a centaur corpse
a - 55 arrows (gained 23)
An orc comes into view. It is wielding a club.
A jelly comes into view.
You lunge at the quokka.
The helpless quokka fails to defend itself.
You eviscerate the quokka!!!
You kill the quokka!
The Council accepts your kill.
A worker ant and a skeleton come into view.
Found 19 stones.
You see here an opal ring.
The worker ant twitches its antennae in your direction.
You lunge at the centaur skeleton.
You pounce on the unaware helpless centaur skeleton!
You eviscerate the centaur skeleton!!!
You destroy the centaur skeleton!
The Council accepts your kill.
You spin and attack the worker ant.
You closely miss the worker ant. The worker ant misses you.
You spin and attack the worker ant.
You scratch the worker ant.
The worker ant is lightly wounded.
The worker ant closely misses you.
The jelly quivers.
You see here an opal ring.
k - an opal ring The worker ant closely misses you. x2
You spin and attack the worker ant.
You scratch the worker ant.
The worker ant is heavily wounded.
A bullfrog comes into view.
Found 16 stones.
Found a scroll of remove curse.
Sigmund the Dreaded comes into view.
He is wielding a scythe.
Put on which piece of jewellery? (? for menu, Esc to quit)
You're wearing all the rings you can.
Remove which one? (? for menu, Esc to cancel) < or
W - a ring of wizardry; > or
h - a ring of protection from fire You remove your ring of protection from fire.
k - a ring of stealth (right paw) Evoke which item? (* to show all) (? for menu, Esc to quit)
Okay, then.
Unknown command.
Casting: Spider Form
Confirm with . or Enter, or press ? or * to list all spells.
You turn into a venomous arachnid creature.
The worker ant twitches its antennae in your direction.
You hit the jelly.
Your front legs burn!
The jelly is heavily wounded.
The jelly completely misses you.
You hit the jelly but do no damage.
Your front legs burn!
The jelly is heavily wounded.
The jelly closely misses you.
You hit the jelly. The acid corrodes you!
Your front legs burn!
The jelly is heavily wounded.
The jelly completely misses you.
You hit the jelly but do no damage.
Your front legs burn!
The jelly is heavily wounded.
The jelly misses you.
You hit the jelly but do no damage.
Your front legs burn!
* * * LOW HITPOINT WARNING * * *
The jelly is heavily wounded.
The jelly misses you. The worker ant misses you.
An orc comes into view.
Your transformation is almost over.
The shadow imp shouts!
You hear a shout! x2
The worker ant completely misses you.
Found 7 gold pieces.
A quokka comes into view.
The worker ant bites you.
* * * LOW HITPOINT WARNING * * *
Are you sure you want to abandon this character and quit the game? (Confirm with "yes".)
Okay, then.
Unknown command.
Are you sure you want to abandon this character and quit the game? (Confirm with "yes".)
Okay, then.
Unknown command.
You swing at nothing.
Your transformation has ended.
You are no longer corroded.
The worker ant completely misses you.
Okay, then.
Unknown command.
Are you sure you want to abandon this character and quit the game? (Confirm with "yes".)

###..#.#..)....#
.........##...#
.........###..##
o..........$....#
................##
...........5.....#
.........o.....#.#
............Ja..#
#####.......@#.#
##.......# #
#......r.
#######... #####


You could see a jelly, a worker ant, a shadow imp, an orc and a quokka
(sleeping).

Vanquished Creatures
  Grinder (D:3)
  A spriggan (D:8)
  A sky beast (D:4)
  An ogre (D:5)
  A centaur (D:6)
  2 scorpions (D:5)
  A crimson imp (D:5)
  A hound (D:7)
  An orc priest (D:4)
  A centaur skeleton (D:6)
  Jessica (D:3)
  An iguana (D:7)
  2 worker ants
  7 gnolls (D:3)
  3 adders
  2 worms
  3 leopard geckos
  4 orcs (D:4)
  A ball python (D:7)
  4 giant cockroaches
  5 hobgoblins
  7 kobolds
  5 quokkas
  9 bats
  3 frilled lizards
  6 goblins
  A quokka skeleton (D:7)
  6 rats
81 creatures vanquished.

Vanquished Creatures (collateral kills)
  A leopard gecko (D:3)
  An orc (D:3)
  A goblin (D:2)
  A hobgoblin (D:2)
4 creatures vanquished.

Grand Total: 85 creatures vanquished

Notes
Turn   | Place    | Note
-------+----------+-------------------------------------------
     0 | D:1      | tidbits the Felid Transmuter began the quest for the Orb.
     0 | D:1      | Reached XP level 1. HP: 9/9 MP: 4/4
   119 | D:1      | Reached skill level 1 in Stealth
   204 | D:1      | Reached skill level 2 in Stealth
   290 | D:1      | Reached XP level 2. HP: 5/12 MP: 4/6
   333 | D:1      | HP: 1/12 [goblin/club (3)]
   338 | D:1      | Reached skill level 3 in Stealth
   342 | D:1      | Learned a level 2 spell: Sticks to Snakes
   519 | D:2      | HP: 1/12 [goblin (3)]
   785 | D:2      | Reached skill level 4 in Stealth
   785 | D:2      | Reached XP level 3. HP: 10/15 MP: 1/7
   794 | D:2      | Learned a level 3 spell: Spider Form
  1060 | D:3      | Noticed Jessica
  1072 | D:3      | Killed Jessica
  1108 | D:3      | Reached XP level 4. HP: 19/19 MP: 1/8
  1112 | D:3      | Reached skill level 5 in Stealth
  1267 | D:4      | Found an ornate altar of the Wu Jian Council.
  1276 | D:4      | Became a worshipper of the Wu Jian Council
  1303 | D:4      | Reached skill level 3 in Transmutations
  1347 | D:4      | Noticed Eustachio
  1432 | D:4      | Noticed a sky beast
  1441 | D:4      | Killed a sky beast
  1441 | D:4      | Reached skill level 6 in Stealth
  1441 | D:4      | Reached XP level 5. HP: 10/22 MP: 4/9
  1617 | D:4      | Noticed Duvessa
  1632 | D:4      | Reached skill level 4 in Transmutations
  1636 | D:4      | Noticed Dowan
  1638 | D:4      | Slain by Duvessa
  1639 | D:4      | Reached XP level 4. HP: 0/19 MP: 8/8
  1639 | D:4      | Gained mutation: You have a somewhat thin skeletal structure. (Dex +2, Stealth) [potion of mutation]
  1639 | D:4      | Gained mutation: You are resistant to hostile enchantments. (MR+) [potion of mutation]
  1639 | D:4      | Gained mutation: You are partially covered in yellow scales. (AC +2) [potion of mutation]
  1639 | D:4      | Gained mutation: You are agile. (Dex +2) [potion of mutation]
  1761 | D:3      | Noticed Grinder
  1773 | D:3      | Reached skill level 3 in Dodging
  1776 | D:3      | Paralysed by Grinder for 2 turns
  1792 | D:3      | Killed Grinder
  1792 | D:3      | Reached XP level 5. HP: 22/22 MP: 2/9
  1834 | D:3      | Gained mutation: You are covered in thick fur. (AC +2) [Felid growth]
  1834 | D:3      | Reached XP level 6. HP: 25/25 MP: 5/10
  1957 | D:3      | Reached * piety under Wu Jian
  2337 | D:4      | Reached skill level 4 in Dodging
  2476 | D:5      | Entered Level 5 of the Dungeon
  2484 | D:5      | Reached skill level 7 in Stealth
  2490 | D:5      | Noticed Gaball's ghost (novice OgCK)
  2507 | D:5      | Reached skill level 4 in Unarmed Combat
  2508 | D:5      | Reached XP level 7. HP: 17/28 MP: 11/11
  2565 | D:5      | Noticed Prince Ribbit
  2598 | D:5      | Reached skill level 5 in Transmutations
  2598 | D:5      | Reached skill level 1 in Poison Magic
  2629 | D:5      | You fall through a shaft for 3 floors!
  2642 | D:8      | Noticed a spriggan baker
  2642 | D:8      | Killed a spriggan baker
  2642 | D:8      | Reached skill level 5 in Dodging
  2651 | D:8      | Found a shadowy altar of Dithmenos.
  2693 | D:8      | Noticed Psyche
  2725 | D:7      | Learned a level 1 spell: Confusing Touch
  2727 | D:7      | Learned a level 1 spell: Apportation
  2803 | D:7      | Slain by an iguana
  2804 | D:7      | Reached XP level 6. HP: -3/25 MP: 6/10
  2805 | D:7      | Reached skill level 1 in Hexes
  2816 | D:7      | Reached skill level 2 in Hexes
  2834 | D:7      | Noticed an orc warrior
  2874 | D:6      | Reached skill level 4 in Hexes
  2874 | D:6      | Reached XP level 7. HP: 28/28 MP: 11/11
  2907 | D:6      | Noticed Sigmund
  2935 | D:6      | Quit the game

Skill      XL: |  1  2  3  4  5  6  7 |
---------------+----------------------+-----
Stealth        | 2 4 6 7 |  7.7
Transmutations | 3 4 5 |  5.3
Dodging        | 3 4 5 |  5.1
Unarmed Combat | 4 |  4.4
Poison Magic   | 1 |  1.0
Hexes          | 4 |  4.5
Fighting       | |  1.0
Spellcasting   | |  2.0

Action                   |  1- 3 |  4- 6 |  7- 9 || total
-------------------------+-------+-------+-------++-------
Melee: Unarmed           |    63 |    98 |    35 ||   196
       Headbutt          |     5 |       |     2 ||     7
       Bite              |     1 |     1 |     1 ||     3
 Cast: Beastly Appendage |    18 |     3 |     1 ||    22
       Sticks to Snakes  |     9 |     6 |       ||    15
       Spider Form       |     2 |    11 |     3 ||    16
Invok: Lunge             |       |    18 |     3 ||    21
       Whirlwind         |       |       |     6 ||     6
 Abil: End Transformatio |       |     1 |       ||     1
  Use: Scroll            |     1 |       |    11 ||    12
       Potion            |       |     7 |       ||     7
 Stab: Sleeping          |    13 |    19 |     5 ||    37
       Distracted        |       |     1 |       ||     1
  Eat: Chunk             |     6 |    12 |       ||    18
Armor: Skin              |     4 |     5 |     2 ||    11
Dodge: Dodged            |    30 |    60 |    30 ||   120

Table legend:
 A = Turns spent in this place as a percentage of turns spent in the entire game.
 B = Non-inter-level travel turns spent in this place as a percentage of non-inter-level travel turns spent in the entire game.
 C = Inter-level travel turns spent in this place as a percentage of turns spent in this place.
 D = Turns resting spent in this place as a percentage of non-inter-level travel turns spent in this place.
 E = Turns spent auto-exploring this place as a percentage of non-inter-level travel turns spent in this place.
 F = Non-inter-level travel turns spent in this place divided by the number of levels of this place that you've seen.
                   A       B       C       D       E      F
               +-------+-------+-------+-------+-------+----------------------
         Total | 100.0 | 100.0 |  10.4 |   0.0 |   0.0 | 328.6
       Dungeon | 100.0 | 100.0 |  10.4 |   0.0 |   0.0 | 328.6
               +-------+-------+-------+-------+-------+----------------------

Table legend:
 A = Kills in this place as a percentage of kills in entire the game.
 B = Kills by you in this place as a percentage of kills by you in the entire game.
 C = Kills by friends in this place as a percentage of kills by friends in the entire game.
 D = Other kills in this place as a percentage of other kills in the entire game.
 E = Experience gained in this place as a percentage of experience gained in the entire game.
 F = Experience gained in this place divided by the number of levels of this place that you have seen.
                   A       B       C       D       E      F
               +-------+-------+-------+-------+-------+----------------------
         Total | 100.0 | 100.0 | 100.0 |   N/A | 100.0 | 183.0
       Dungeon | 100.0 | 100.0 | 100.0 |   N/A | 100.0 | 183.0
               +-------+-------+-------+-------+-------+----------------------

Vault maps used:
D:1:      eino_arrival_cavern_a
D:2:      first_ration
D:3:      minmay_misc_feat_x, minmay_distorted, uniq_grinder, uniq_jessica
D:4:      lemuel_crystal_altar, uniq_eustachio, uniq_duvessa
D:5:      uniq_prince_ribbit1, uniq_crazy_yiuf_cottage
D:6:      uniq_sigmund
D:7:      temple_fountains
D:8:      basic_altar, the_bakery, uniq_psyche
